 Dungeon Crawl Stone Soup version 0.32-a0-42-ga30500b4d3 (webtiles) character file.

Game seed: 6956715964567179529

120 grandjackal the Trooper (level 4, -4/36 HPs)
             Began as a Demonspawn Gladiator on Jan 30, 2024.
             Slain by a sky beast (6 damage)
             ... on level 2 of the Dungeon.
             The game lasted 00:02:06 (1604 turns).

grandjackal the Trooper (Demonspawn Gladiator)      Turns: 1604, Time: 00:02:07

Health: -4/36      AC:  4    Str: 16    XL:     4   Next: 75%
Magic:  4/4        EV: 12    Int:  8    God:
Gold:   111        SH:  0    Dex: 15    Spells: 3/3 levels left

rFire   + . .        a - +0 long sword
rCold   . . .        (no shield)
rNeg    . . .        b - +0 leather armour
rPois   +            c - +0 helmet
rElec   .            (no cloak)
rCorr   .            (no gloves)
SInv    .            (no boots)
Will    .....        i - amulet of regeneration
Stlth   +            h - ring of poison resistance
HPRegen 1.06/turn    k - ring of protection from fire
MPRegen 0.09/turn

%: no passive effects
@: no status effects
A: claws 1, powered by pain 1, weakness stinger 1
a: no special abilities


You were on level 2 of the Dungeon.
You visited 1 branch of the dungeon, and saw 3 of its levels.

You collected 111 gold pieces.

Inventory:

Hand Weapons
 a - a +0 long sword (weapon)
Missiles
 d - 3 throwing nets (quivered)
 e - a javelin
Armour
 b - a +0 leather armour (worn)
 c - a +0 helmet (worn)
Jewellery
 h - a ring of poison resistance (left claw)
 i - an amulet of regeneration (around neck)
 j - a ring of ice
 k - a ring of protection from fire (right claw)
 m - a ring of flight
 o - a ring of ice
Scrolls
 f - a scroll of vulnerability {unknown}
Potions
 g - a potion of attraction {unknown}
 l - a potion of haste {unknown}
 n - a potion of cancellation {unknown}


   Skills:
 + Level 3.6 Fighting
 - Level 2.8 Long Blades
 - Level 2.0 Throwing
 - Level 3.0 Dodging
 + Level 2.3 Unarmed Combat


You had 3 spell levels left.
You didn't know any spells.
Your spell library contained the following spells:

 Spells                   Type           Power      Damage    Failure   Level
 Sandblast                Erth           0%         2d4       47%         1
 Sting                    Conj/Alch      0%         1d3       47%         1
 Mercury Vapours          Alch/Air       0%         N/A       63%         2
 Passwall                 Erth           0%         N/A       85%         3
 Stone Arrow              Conj/Erth      0%         3d7       85%         3
 Brom's Barrelling Bould  Conj/Erth      0%         2d3       99%         4
 Olgreb's Toxic Radiance  Alch           0%         N/A       99%         4


Dungeon Overview and Level Annotations

Branches:
Dungeon (3/15)

Altars:
Hepliaklqana


Innate Abilities, Weirdness & Mutations

You have sharp fingernails.
You sometimes gain a little power by taking damage.
You have a small tail.


Message History

You hit the sky beast.
The sky beast is lightly wounded.
The sky beast flickers out of sight!
Deactivating autopickup; reactivate with Ctrl-A.
Something hits you but does no damage.
No target in view!
No target in view!
No target in view!
There is a stone staircase leading up here.
Something hits you. Something shocks you.
You climb upwards.
Reactivating autopickup.
There is a stone staircase leading down here.
Deactivating autopickup; reactivate with Ctrl-A.
You hit something but do no damage.
Your tail-slap misses something.
You claw something. Something hits you. Something shocks you.
A sky beast appears from thin air!
Reactivating autopickup.
The sky beast hits you but does no damage.
You miss the sky beast. Your claw misses the sky beast.
The sky beast is lightly wounded.
The sky beast flickers out of sight!
Deactivating autopickup; reactivate with Ctrl-A.
Something hits you but does no damage.
You barely miss something.
Your tail-slap misses something.
Something hits you. Something shocks you.
You closely miss something. Something hits you. Something shocks you.
* * * LOW HITPOINT WARNING * * *
Something hits you.
* * * LOW HITPOINT WARNING * * *
Something shocks you.
* * * LOW HITPOINT WARNING * * *
Unknown command.
A sky beast appears from thin air!
Reactivating autopickup.
The sky beast attacks as it pursues you!
The sky beast hits you.
* * * LOW HITPOINT WARNING * * *
The sky beast shocks you.
You die...

#.##...........######.##.#
#.##.......#....#####....#
#.##.......+....#........'
#.#........#<............#
##'#..)#+##'###....###....#
#......'.#......#### #.....
#......##......#######.##.#
#.[....+ยง>......##.....##.#
##......##Y@...............#
#.......'.........#.....####
#.8#8...#...####.#..........
#.#)#.......# #...........##
#.8#8.......# #..#.........#
#...........# #..#....#....#
#...........# #..#..........
##...........###.......#....#
#......................##....


You could see a sky beast.

Vanquished Creatures
  5 gnolls
  2 adders (D:2)
  2 dart slugs
  2 endoplasms (D:1)
  4 giant cockroaches
  7 goblins
  6 hobgoblins
  5 kobolds
  2 quokkas
  3 ball pythons
  6 bats
  3 frilled lizards
  3 rats
50 creatures vanquished.

Notes
Turn   | Place    | Note
-------+----------+-------------------------------------------
     0 | D:1      | grandjackal the Demonspawn Gladiator began the quest for
                  | the Orb.
     0 | D:1      | Reached XP level 1. HP: 16/16 MP: 1/1
    79 | D:1      | Discovered your monstrous ancestry.
    79 | D:1      | Gained mutation: You have sharp fingernails. [demonic
                  | ancestry]
    79 | D:1      | Reached XP level 2. HP: 17/22 MP: 2/2
   407 | D:1      | Reached skill level 1 in Unarmed Combat
   407 | D:1      | Gained mutation: You have a small tail. [demonic ancestry]
   407 | D:1      | Reached XP level 3. HP: 18/28 MP: 3/3
   878 | D:2      | Found a hazy altar of Hepliaklqana.
  1002 | D:2      | Gained mutation: You sometimes gain a little power by
                  | taking damage. [demonic ancestry]
  1002 | D:2      | Reached XP level 4. HP: 34/35 MP: 4/4
  1132 | D:3      | Found a faded altar of an unknown god.
  1398 | D:2      | Identified the +2 dagger of Leideush {elec, rPois rN+
                  | Dex+3}
  1594 | D:3      | Noticed a sky beast
  1604 | D:2      | Slain by a sky beast

Illustrated notes

Levels and vault maps discovered:
D:1:      amcnicky_arrival_blooded_trapdoor, layout_loops_ring
D:2:      layout_basic, basic_altar, minmay_statues_item, minivault_27,
          nrook_uturn, minmay_misc_feat_tower, nrook_mini_backslash
D:3:      layout_basic, mainiacjoe_overflow_brackets,
          hellmonk_ecumenical_altar_lost_god, uniq_natasha, uniq_ijyb

Skill      XL: |  1  2  3  4 |
---------------+-------------+-----
Throwing       | 2 |  2.0
Dodging        | 3 |  3.0
Unarmed Combat | 1 2 |  2.3
Fighting       | 3 |  3.6
Long Blades    | |  2.8

Action                     |  1- 3 |  4- 6 || total
---------------------------+-------+-------++-------
  Melee: Long sword        |   110 |    42 ||   152
         Tailslap          |     3 |     2 ||     5
         Punch             |     1 |     1 ||     2
   Stab: Sleeping          |     2 |       ||     2
 Armour: Leather armour    |    61 |    33 ||    94
  Dodge: Dodged            |    73 |    28 ||   101

Table legend: (Time is in decaauts)
 A = Elapsed time spent in this place.
 B = Non-inter-level travel time spent in this place.
 C = Inter-level travel time spent in this place.
 D = Time resting spent in this place.
 E = Time spent auto-exploring this place.
 F = Levels seen in this place.
 G = Mean time per level.
                   A        B        C        D        E       F      G
               +--------+--------+--------+--------+--------+-----+--------+
         Total |   1646 |   1591 |     55 |     45 |   1137 |   3 |  548.7 |
       Dungeon |   1646 |   1591 |     55 |     45 |   1137 |   3 |  548.7 |
               +--------+--------+--------+--------+--------+-----+--------+

Top non-repeatable levels by time:
     D:1: 833 daAuts
     D:2: 750 daAuts
     D:3: 62 daAuts
